[Event "Titled Tuesday Blitz July 11 Late 2023"]
[White "Sebag, Marie"]
[Black "Vujacic, Igor"]
[WhiteFideId "617822"]
[BlackFideId "932620"]
[WhiteElo "2518"]
[BlackElo "2187"]
[Result "0-1"]
[Round "3"]
[TimeControl "180+2"]
[Date "2023.07.11"]
[WhiteClock "0:00:13"]
[BlackClock "0:00:07"]
[Board "132"]

1. d4 d5 2. c4 e6 3. Nc3 a6 4. cxd5 exd5 5. Bf4 c6 6. e3 Bd6 7. Bd3 Bxf4 8. exf4 Qf6 9. Nge2 Ne7 10. O-O O-O 11. Qd2 Bf5 12. Rfe1 Nd7 13. Ng3 Bxd3 14. Qxd3 Rfe8 15. f5 h5 16. Nxh5 Qxf5 17. Qe2 g6 18. Ng3 Qf4 19. Qd3 Rad8 20. Re3 Nc8 21. Rae1 Nd6 22. h3 Rxe3 23. Rxe3 Nc4 24. Rf3 Qd2 25. Qxd2 Nxd2 26. Re3 Nc4 27. Re2 Nf8 28. b3 Nd6 29. Na4 Ne6 30. Rd2 Nb5 31. Nc5 Nxc5 32. dxc5 Re8 33. a4 Nc3 34. Rc2 Re1+ 35. Kh2 Ne4 36. Nxe4 Rxe4 37. Rc3 f5 38. Kg3 Kf7 39. Kf3 Ke6 40. g4 Ke5 41. Rd3 Rd4 42. Re3+ Re4 43. Rd3 Rf4+ 44. Kg3 Rd4 45. Re3+ Re4 46. Rc3 Kd4 47. Rf3 fxg4 48. hxg4 Kxc5 49. Rf6 d4 50. Kf3 Re1 51. Rf8 Kb4 52. Rd8 Kc3 53. Rd6 d3 54. Rxg6 d2 55. Rd6 d1=Q+ 56. Rxd1 Rxd1 57. g5 Rg1 58. Kf4 Kxb3 59. Kf5 c5 60. f4 c4 0-1


[Site "https://www.chess.com"]

[Event "Titled Tuesday Blitz July 11 Late 2023"]
[White "Jovic, Stanoje"]
[Black "cycygogne"]
[WhiteFideId "905020"]
[WhiteElo "2517"]
[BlackElo "2127"]
[Result "1-0"]
[Round "3"]
[TimeControl "180+2"]
[Date "2023.07.11"]
[WhiteClock "0:00:13"]
[BlackClock "0:00:02"]
[Board "133"]

1. c4 c5 2. g3 g6 3. Bg2 Bg7 4. Nc3 Nc6 5. Nf3 e6 6. O-O Nge7 7. d4 cxd4 8. Nb5 O-O 9. Nbxd4 Nxd4 10. Nxd4 d5 11. cxd5 Nxd5 12. e4 Nb6 13. Nb3 Bd7 14. Qe2 Qe7 15. Be3 Rac8 16. Rac1 Rfd8 17. f4 e5 18. f5 Rxc1 19. Bxc1 Qb4 20. Qf2 Bb5 21. Re1 Nc4 22. Nc5 Bf8 23. Nxb7 Ba6 24. Nxd8 Bc5 25. Be3 Nxe3 26. Nc6 Qb6 27. b4 Bd4 28. Nxd4 exd4 29. fxg6 hxg6 30. e5 Qxb4 31. e6 fxe6 32. Rc1 Bc4 33. Qf6 Qb5 34. Qxg6+ Kf8 35. Qf6+ Kg8 36. Qxd4 Nd5 37. Re1 Bxa2 38. Rxe6 Nf4 39. Qd8+ Kf7 40. Qf6+ Kg8 41. Qd8+ Kf7 42. Re7+ Kg6 43. Be4+ Kg5 44. Re5+ Kg4 45. Qg5+ Kh3 46. Bf5# 1-0


[Site "https://www.chess.com"]

[Event "Titled Tuesday Blitz July 11 Late 2023"]
[White "Tsukerman, Julia"]
[Black "Yeritsyan, Hayk"]
[WhiteFideId "2621649"]
[BlackFideId "13307320"]
[WhiteElo "2092"]
[BlackElo "2516"]
[Result "0-1"]
[Round "3"]
[TimeControl "180+2"]
[Date "2023.07.11"]
[WhiteClock "0:00:00"]
[BlackClock "0:00:46"]
[Board "134"]

1. e4 c6 2. d4 d5 3. exd5 cxd5 4. Bd3 Nf6 5. h3 Nc6 6. c3 g6 7. Nf3 Bf5 8. Be2 Bxb1 9. Rxb1 Bg7 10. O-O O-O 11. Re1 Re8 12. Bf4 e6 13. Ne5 Nxe5 14. Bxe5 Nd7 15. Bxg7 Kxg7 16. Qd2 a6 17. Rbd1 Rc8 18. Qf4 Qc7 19. Qxc7 Rxc7 20. Rd3 b5 21. a3 Rb8 22. f4 h5 23. g4 hxg4 24. hxg4 a5 25. Bf3 b4 26. axb4 axb4 27. f5 gxf5 28. gxf5 Kf6 29. fxe6 fxe6 30. Kf2 bxc3 31. bxc3 Rb2+ 32. Re2 Rb3 33. Ree3 Nb6 34. Bg4 Rc6 35. Rf3+ Ke7 36. Rh3 Na4 37. Bd1 Rb2+ 38. Ke1 Nb6 39. Rd2 Rb1 40. Ke2 Nc4 41. Rdd3 Nb2 42. Rd2 Nc4 43. Rdd3 Nd6 44. Rde3 Nf5 45. Rd3 Rb2+ 46. Rd2 Rb1 47. Rdd3 Ra1 48. Rh7+ Kf6 49. Rhh3 Ra3 50. Bc2 Nd6 51. Bd1 Ne4 52. Rdf3+ Ke7 53. Rh7+ Kd6 54. Rh6 Nxc3+ 55. Ke1 Ra1 56. Rd3 Rc4 57. Rh4 Ne4 58. Rhh3 Rcc1 59. Rhe3 Nc3 60. Rxc3 Rxd1+ 61. Kf2 Rxd4 62. Rb3 Ra2+ 63. Kf3 Ra6 64. Ke2 Rc6 65. Kf3 Rdc4 0-1


[Site "https://www.chess.com"]

[Event "Titled Tuesday Blitz July 11 Late 2023"]
[White "Olivares Olivares, Claudio"]
[Black "Djordjevic, Dejan N"]
[WhiteFideId "3400786"]
[BlackFideId "913316"]
[WhiteElo "2515"]
[BlackElo "2088"]
[Result "1-0"]
[Round "3"]
[TimeControl "180+2"]
[Date "2023.07.11"]
[WhiteClock "0:01:10"]
[BlackClock "0:00:18"]
[Board "135"]

1. e4 c5 2. Nf3 Nc6 3. d4 cxd4 4. Nxd4 Nf6 5. Nxc6 bxc6 6. Bd3 e5 7. O-O Qb6 8. Nc3 Be7 9. Be3 Qxb2 10. Qd2 Qa3 11. Rab1 Qa5 12. Rb3 Qc7 13. Rfb1 O-O 14. h3 d6 15. f4 Nd7 16. f5 Rb8 17. Rxb8 Nxb8 18. g4 Nd7 19. g5 Re8 20. Bc4 Nb6 21. Bb3 Ba6 22. g6 Nc4 23. gxf7+ Kxf7 24. Qe2 d5 25. exd5 cxd5 26. Nxd5 Qc8 27. Qh5+ Kg8 28. f6 Bxf6 29. Kh2 Re6 30. Rg1 Kh8 31. Qf7 Qe8 32. Qxa7 Nxe3 33. Nxf6 Rxf6 34. Qxg7# 1-0


[Site "https://www.chess.com"]

[Event "Titled Tuesday Blitz July 11 Late 2023"]
[White "Chor, Kevin"]
[Black "Geske, Bruna"]
[WhiteFideId "2090740"]
[BlackFideId "4701100"]
[WhiteElo "2515"]
[BlackElo "2066"]
[Result "1-0"]
[Round "3"]
[TimeControl "180+2"]
[Date "2023.07.11"]
[WhiteClock "0:00:35"]
[BlackClock "0:00:27"]
[Board "136"]

1. e4 c5 2. Nf3 Nc6 3. d4 cxd4 4. Nxd4 Nf6 5. Nc3 e5 6. Ndb5 d6 7. Bg5 a6 8. Na3 b5 9. Nd5 Be7 10. Bxf6 Bxf6 11. c3 Bg5 12. g3 O-O 13. Bg2 Rb8 14. Nc2 Ne7 15. Ncb4 Nxd5 16. exd5 Bb7 17. O-O Rc8 18. Nc6 Qd7 19. a4 f5 20. axb5 axb5 21. Qb3 e4 22. Ra7 Qf7 23. Na5 Rc7 24. Qxb5 Bc8 25. Rxc7 Qxc7 26. Nc6 Bb7 27. Ra1 Ra8 28. Rxa8+ Bxa8 29. h4 Bf6 30. c4 Bxc6 31. dxc6 Bd4 32. Qd5+ 1-0


[Site "https://www.chess.com"]

[Event "Titled Tuesday Blitz July 11 Late 2023"]
[White "Navyblue1"]
[Black "Perske, Thore"]
[BlackFideId "12902195"]
[WhiteElo "1806"]
[BlackElo "2515"]
[Result "1-0"]
[Round "3"]
[TimeControl "180+2"]
[Date "2023.07.11"]
[WhiteClock "0:00:12"]
[BlackClock "0:00:33"]
[Board "137"]

1. d4 d5 2. c4 c6 3. cxd5 cxd5 4. Nc3 e5 5. dxe5 d4 6. Ne4 Nc6 7. Nf3 Bf5 8. Ng3 Bg6 9. Bd2 Nb4 10. Qa4+ Qd7 11. Qxd7+ Kxd7 12. Nxd4 Bc5 13. Bxb4 Bxb4+ 14. Kd1 Ne7 15. e3 a6 16. f4 Bc5 17. Bc4 Rhd8 18. Ke2 Ke8 19. Rad1 Rac8 20. Bb3 h5 21. h4 Bxd4 22. Rxd4 Bf5 23. Rxd8+ Rxd8 24. Nxf5 Nxf5 25. Kf3 g6 26. Re1 Rd2 27. Re2 Rd3 28. Bc4 Rd1 29. b3 Rh1 30. g3 Rf1+ 31. Rf2 Rg1 32. Rg2 Re1 33. Re2 Rf1+ 34. Rf2 Rd1 35. e4 Nd4+ 36. Ke3 Nc6 37. Rd2 Ke7 38. Rxd1 1-0


[Site "https://www.chess.com"]

[Event "Titled Tuesday Blitz July 11 Late 2023"]
[White "Upper, John"]
[Black "Manelyuk, Daniil"]
[WhiteFideId "2606437"]
[BlackFideId "44173920"]
[WhiteElo "1995"]
[BlackElo "2639"]
[Result "0-1"]
[Round "3"]
[TimeControl "180+2"]
[Date "2023.07.11"]
[WhiteClock "0:00:03"]
[BlackClock "0:00:49"]
[Board "138"]

1. c4 Nf6 2. Nc3 g6 3. e4 d6 4. g3 Bg7 5. Bg2 O-O 6. Nge2 e5 7. O-O c5 8. d3 Nc6 9. a3 a5 10. Rb1 Bg4 11. f3 Bd7 12. Nd5 Nxd5 13. cxd5 Nd4 14. b4 axb4 15. axb4 Ba4 16. Qd2 Nb3 17. Qb2 cxb4 18. Be3 Qa5 19. Bh3 f5 20. Nc1 Nxc1 21. Bxc1 b3 22. Be3 Rfc8 23. Rf2 Rc2 24. Qa3 f4 25. gxf4 exf4 26. Qxd6 fxe3 27. Be6+ Kh8 28. Rxc2 bxc2 29. Rxb7 c1=Q+ 30. Kg2 Qad2+ 31. Kh3 Qf1+ 32. Kh4 Bf6+ 0-1


[Site "https://www.chess.com"]

[Event "Titled Tuesday Blitz July 11 Late 2023"]
[White "i_like_explosions"]
[Black "Ehlvest, Jaan"]
[BlackFideId "4500016"]
[WhiteElo "2416"]
[BlackElo "2607"]
[Result "0-1"]
[Round "3"]
[TimeControl "180+2"]
[Date "2023.07.11"]
[WhiteClock "0:00:19"]
[BlackClock "0:00:38"]
[Board "139"]

1. d4 Nf6 2. Bg5 d5 3. Bxf6 gxf6 4. e3 c5 5. dxc5 e5 6. c4 Qa5+ 7. Nc3 dxc4 8. Bxc4 Nc6 9. Qb3 Nd8 10. Nf3 Bxc5 11. O-O O-O 12. Nd5 Kg7 13. Qd3 Nc6 14. a3 Qd8 15. Nh4 Be6 16. Nf5+ Kh8 17. Qe4 Rg8 18. Rad1 Rg5 19. Ng3 f5 20. Qh4 Rg4 21. Qh5 Rxc4 22. Nxf5 Bxd5 23. Rxd5 Qf6 24. b3 Rc2 25. b4 Bf8 26. Rfd1 Rd8 27. Rxd8 Nxd8 28. h3 Ne6 29. Rd7 Ng7 30. Nxg7 Qxf2+ 0-1


[Site "https://www.chess.com"]

[Event "Titled Tuesday Blitz July 11 Late 2023"]
[White "Veiga, Jose Francisco R P Neves"]
[Black "Fieberg, Samuel"]
[WhiteFideId "1930087"]
[BlackFideId "12901717"]
[WhiteElo "2607"]
[BlackElo "2382"]
[Result "1-0"]
[Round "3"]
[TimeControl "180+2"]
[Date "2023.07.11"]
[WhiteClock "0:00:16"]
[BlackClock "0:00:00"]
[Board "140"]

1. e4 e6 2. b3 d5 3. Bb2 a6 4. Qe2 d4 5. Nf3 c5 6. c3 Nc6 7. Na3 e5 8. g3 Bg4 9. h3 Bh5 10. Bg2 Bd6 11. g4 Bg6 12. h4 h5 13. g5 b5 14. Rc1 Qb6 15. cxd4 Nxd4 16. Nxd4 cxd4 17. O-O Ne7 18. f4 Bxa3 19. Bxa3 b4 20. Bb2 d3+ 21. Qf2 Qxf2+ 22. Rxf2 exf4 23. Bxg7 Rg8 24. Bf6 Rc8 25. Rxc8+ Nxc8 26. Rxf4 Kd7 27. Bh3+ Kc6 28. Kf2 Nd6 29. Ke3 a5 30. Kxd3 Nb5 31. Ke2 Ra8 32. e5 Kb6 33. e6 fxe6 34. Kf2 Re8 35. Be5 Bb1 36. Rf6 Nc7 37. g6 Rg8 38. Rf7 Nd5 39. g7 Bxa2 40. Bxe6 Bxb3 41. Rb7+ Kc6 42. Bxg8 Kxb7 43. Be6 1-0


[Site "https://www.chess.com"]

[Event "Titled Tuesday Blitz July 11 Late 2023"]
[White "Pesotskiy, Mikhail"]
[Black "NovoselovRoman"]
[WhiteFideId "34164453"]
[WhiteElo "2376"]
[BlackElo "2579"]
[Result "1-0"]
[Round "3"]
[TimeControl "180+2"]
[Date "2023.07.11"]
[WhiteClock "0:00:48"]
[BlackClock "0:00:35"]
[Board "141"]

1. d4 d5 2. c4 c6 3. Nf3 Nf6 4. Nbd2 Bg4 5. Ne5 Bh5 6. Qb3 Qb6 7. Qh3 e6 8. g4 Bg6 9. Nxg6 fxg6 10. g5 Nfd7 11. Qxe6+ Be7 12. c5 Qb4 13. e3 Nf8 14. Qc8+ Kf7 15. a3 Qa5 16. Qxb7 Nfd7 17. Qxa8 Qc7 18. Nb3 Rc8 19. Bd2 Nxc5 20. dxc5 Na6 21. Ba5 Qd7 22. Bh3 Qxh3 23. Qxa7 Qf3 24. Qxa6 Qxh1+ 25. Ke2 1-0


[Site "https://www.chess.com"]

[Event "Titled Tuesday Blitz July 11 Late 2023"]
[White "ATM622"]
[Black "Prydun, Andriy"]
[BlackFideId "14145898"]
[WhiteElo "2552"]
[BlackElo "2375"]
[Result "0-1"]
[Round "3"]
[TimeControl "180+2"]
[Date "2023.07.11"]
[WhiteClock "0:00:23"]
[BlackClock "0:00:20"]
[Board "142"]

1. d4 d5 2. c4 c6 3. Nf3 f6 4. Nbd2 Be6 5. Qc2 Bf7 6. g3 e6 7. Bg2 Bb4 8. O-O Ne7 9. e4 O-O 10. a3 Ba5 11. b4 Bc7 12. Bb2 Nd7 13. Rac1 Rc8 14. Rfd1 a5 15. c5 b5 16. h4 axb4 17. axb4 dxe4 18. Nxe4 Nd5 19. Qd2 Ra8 20. Ra1 Qb8 21. Rxa8 Qxa8 22. Ra1 Qb7 23. Bh3 Ra8 24. Ne1 Rxa1 25. Bxa1 Qa6 26. Nc2 Qa2 27. h5 h6 28. Qd3 Qb1+ 29. Kg2 f5 30. Nd2 Qd1 31. Bb2 Bxh5 32. Ne3 Bf3+ 33. Nxf3 Qxd3 0-1


[Site "https://www.chess.com"]

[Event "Titled Tuesday Blitz July 11 Late 2023"]
[White "Slovineanu, Viacheslav"]
[Black "Principe, Gerson"]
[WhiteFideId "13900510"]
[BlackFideId "3804550"]
[WhiteElo "2367"]
[BlackElo "2525"]
[Result "1/2-1/2"]
[Round "3"]
[TimeControl "180+2"]
[Date "2023.07.11"]
[WhiteClock "0:00:20"]
[BlackClock "0:00:22"]
[Board "143"]

1. d4 a6 2. c4 c6 3. Nf3 d5 4. e3 Nf6 5. Nbd2 Bg4 6. h3 Bxf3 7. Qxf3 e6 8. Bd3 Be7 9. O-O Nbd7 10. b3 O-O 11. Bb2 a5 12. a3 Rb8 13. Rad1 Re8 14. Rfe1 Qc7 15. e4 dxe4 16. Nxe4 Nxe4 17. Bxe4 Bf6 18. Re2 Rbd8 19. Red2 Nb6 20. Qh5 g6 21. Qxa5 Ra8 22. Qc3 Rad8 23. a4 Rd7 24. a5 Nc8 25. b4 Red8 26. Qc2 Ne7 27. g3 h5 28. h4 Bg7 29. Bg2 Nf5 30. d5 cxd5 31. Bxg7 Nxg7 32. cxd5 Qxc2 33. Rxc2 exd5 34. Rcd2 d4 35. b5 Ne6 36. a6 bxa6 37. bxa6 Ra7 38. Bb7 Nc5 39. Rxd4 Rxd4 40. Rxd4 Nxb7 41. axb7 Rxb7 42. Kg2 Rb2 43. Re4 Kg7 44. Rf4 Ra2 45. Rf3 Ra4 46. Re3 Ra7 47. Rf3 Ra6 48. Re3 Ra5 49. Rf3 Ra4 50. Re3 f6 51. Re7+ Kh6 52. Rf7 Ra6 53. Kf3 g5 54. hxg5+ fxg5 55. Kg2 Kg6 56. Rb7 Re6 57. Rc7 Rf6 58. Rb7 Re6 59. Rc7 Rd6 60. Rc8 Rf6 61. Rg8+ Kf5 62. Rh8 Kg6 63. Rg8+ Kf5 64. Rh8 Kg6 65. Rg8+ 1/2-1/2


[Site "https://www.chess.com"]

[Event "Titled Tuesday Blitz July 11 Late 2023"]
[White "Dragomirescu, Robin-Alexandru"]
[Black "Bogaudinov, Rushan"]
[WhiteFideId "1213849"]
[BlackFideId "4129288"]
[WhiteElo "2506"]
[BlackElo "2362"]
[Result "1-0"]
[Round "3"]
[TimeControl "180+2"]
[Date "2023.07.11"]
[WhiteClock "0:00:56"]
[BlackClock "0:00:10"]
[Board "144"]

1. b3 a5 2. Bb2 a4 3. e4 e6 4. Nf3 a3 5. Bc3 Nf6 6. Qe2 b6 7. d4 Ba6 8. Qe3 Bxf1 9. Kxf1 Qc8 10. d5 Qa6+ 11. Kg1 Bc5 12. Bd4 Bxd4 13. Nxd4 O-O 14. c4 exd5 15. cxd5 Re8 16. Nc3 c6 17. d6 c5 18. Nf5 Re6 19. h4 Nc6 20. Rh3 Ne5 21. Rg3 Ng6 22. Qg5 Nxe4 23. Nxe4 Rxe4 24. h5 Rae8 25. hxg6 fxg6 26. Ne7+ Kf7 27. Rf3+ Ke6 28. Qd5# 1-0


[Site "https://www.chess.com"]

[Event "Titled Tuesday Blitz July 11 Late 2023"]
[White "Garmendiarov"]
[Black "Srinath, Rao S.V."]
[BlackFideId "5028876"]
[WhiteElo "2353"]
[BlackElo "2503"]
[Result "0-1"]
[Round "3"]
[TimeControl "180+2"]
[Date "2023.07.11"]
[WhiteClock "0:00:02"]
[BlackClock "0:01:03"]
[Board "145"]

1. e4 c5 2. Nf3 e6 3. d4 cxd4 4. Nxd4 a6 5. c4 Qc7 6. Nc3 Nf6 7. a3 b6 8. Be2 Bb7 9. f3 Nc6 10. Be3 Be7 11. O-O O-O 12. Rc1 Bd6 13. f4 Nxd4 14. Qxd4 Bc5 15. Qd3 e5 16. b4 Bxe3+ 17. Qxe3 exf4 18. Rxf4 Rfe8 19. Rcf1 Re6 20. Qg3 Rae8 21. Rxf6 Qxg3 22. hxg3 Rxf6 23. Rxf6 gxf6 24. Bf3 Kg7 25. Nd5 Bxd5 26. exd5 d6 27. Kf2 f5 28. g4 Kf6 29. g3 Kg5 30. gxf5 Kxf5 31. Kg2 Ke5 32. Kf2 Kd4 33. Be2 Rxe2+ 34. Kxe2 Kxc4 0-1


[Site "https://www.chess.com"]

[Event "Titled Tuesday Blitz July 11 Late 2023"]
[White "Schuster, Karsten"]
[Black "JERO-8914"]
[WhiteFideId "4611071"]
[WhiteElo "2339"]
[BlackElo "2466"]
[Result "0-1"]
[Round "3"]
[TimeControl "180+2"]
[Date "2023.07.11"]
[WhiteClock "0:00:13"]
[BlackClock "0:00:48"]
[Board "146"]

1. Nf3 Nf6 2. d3 d5 3. g3 Bg4 4. Bg2 Nbd7 5. O-O e6 6. b3 Bd6 7. Bb2 O-O 8. c4 c6 9. Nbd2 e5 10. e4 dxe4 11. Nxe4 Nxe4 12. dxe4 Qe7 13. Qc2 Rfe8 14. h3 Bh5 15. Nh4 Bg6 16. Nf5 Bxf5 17. exf5 Ba3 18. Rae1 Bxb2 19. Qxb2 Rad8 20. f4 Qc5+ 21. Qf2 exf4 22. gxf4 Qxf5 23. Qg3 Nf6 24. Rxe8+ Rxe8 25. Bf3 Re3 26. Rd1 g6 27. Kg2 Nh5 28. Qg4 Qc2+ 29. Kh1 Ng3+ 30. Kg1 Kg7 31. Ra1 Nf5 32. Bg2 h5 33. Qd1 Qb2 34. Qc1 Qd4 35. Kh2 Qxf4+ 36. Kh1 Ng3+ 0-1


[Site "https://www.chess.com"]

[Event "Titled Tuesday Blitz July 11 Late 2023"]
[White "Gatterer, Florian"]
[Black "Weisz, Bryan"]
[WhiteFideId "811688"]
[BlackFideId "30934133"]
[WhiteElo "2454"]
[BlackElo "2333"]
[Result "1-0"]
[Round "3"]
[TimeControl "180+2"]
[Date "2023.07.11"]
[WhiteClock "0:00:21"]
[BlackClock "0:00:00"]
[Board "147"]

1. d4 Nf6 2. Bg5 Ne4 3. Bf4 g5 4. Bc1 h6 5. f3 Nf6 6. e4 d6 7. Be3 Bg7 8. Nc3 Nbd7 9. Qd2 c6 10. O-O-O b5 11. h4 g4 12. Kb1 Nb6 13. d5 b4 14. Nce2 cxd5 15. Qxb4 Bb7 16. Nd4 dxe4 17. Nf5 Bf8 18. Bb5+ Nbd7 19. f4 e6 20. Nxd6+ Bxd6 21. Qxd6 Qe7 22. Qc7 Bd5 23. Bc5 Qd8 24. Qd6 Rc8 25. Ba3 e3 26. Ne2 Ne4 27. Qb4 a5 28. Qd4 Qf6 29. Qxe3 Rb8 30. Bxd7+ Kxd7 31. c4 1-0


[Site "https://www.chess.com"]

[Event "Titled Tuesday Blitz July 11 Late 2023"]
[White "Flynn, Jacob"]
[Black "AndresDelgado77"]
[WhiteFideId "2509393"]
[WhiteElo "2449"]
[BlackElo "2312"]
[Result "1-0"]
[Round "3"]
[TimeControl "180+2"]
[Date "2023.07.11"]
[WhiteClock "0:00:09"]
[BlackClock "0:00:00"]
[Board "148"]

1. d4 Nf6 2. c4 c6 3. Nf3 d5 4. e3 a6 5. c5 Bg4 6. Nc3 Nbd7 7. Be2 Bxf3 8. Bxf3 e5 9. O-O e4 10. Be2 g6 11. b4 h5 12. a4 Bh6 13. Rb1 O-O 14. b5 axb5 15. axb5 Nh7 16. bxc6 bxc6 17. Na4 Rb8 18. Bd2 f5 19. Rxb8 Nxb8 20. Qb3 f4 21. exf4 Qf6 22. Qe3 Bxf4 23. Qxf4 Qxf4 24. Bxf4 Rxf4 25. Nb6 Ng5 26. Ra1 Ne6 27. Ra4 Kg7 28. g3 Rf7 29. h4 Nd7 30. Nc8 Nf6 31. Nd6 Rc7 32. Kf1 Kh6 33. Ke1 g5 34. hxg5+ Kxg5 35. Kd2 Ng4 36. Bxg4 Kxg4 37. Ke3 h4 38. gxh4 Kxh4 39. Ra8 Kg5 40. Re8 Kf6 41. Rh8 Ng7 42. Rh6+ Kg5 43. Rh7 Nf5+ 44. Nxf5 Rxh7 45. Nd6 Rh3+ 46. Ke2 Rf3 47. Nb7 Rd3 48. Nd8 Rxd4 49. Ne6+ Kf6 50. Nxd4 Ke5 51. Ke3 1-0


[Site "https://www.chess.com"]

[Event "Titled Tuesday Blitz July 11 Late 2023"]
[White "Ricaurte Lopez, Juan Carlos"]
[Black "Srdanovic, Jovana"]
[WhiteFideId "3600327"]
[BlackFideId "954810"]
[WhiteElo "2120"]
[BlackElo "2439"]
[Result "1/2-1/2"]
[Round "3"]
[TimeControl "180+2"]
[Date "2023.07.11"]
[WhiteClock "0:01:39"]
[BlackClock "0:01:53"]
[Board "149"]

1. e4 e5 2. d4 exd4 3. Qxd4 Nc6 4. Qe3 Nf6 5. Nc3 Bb4 6. Bd2 d6 7. O-O-O O-O 8. Qg3 Qe7 9. f3 Qe5 10. Qxe5 Nxe5 11. Nge2 b6 12. Nd4 Bb7 13. a3 Bxc3 14. Bxc3 Nc6 15. Nxc6 Bxc6 16. Bxf6 gxf6 17. Bc4 Kg7 18. Bd5 Bxd5 19. Rxd5 Rfe8 20. h4 Re5 21. Rhd1 Rae8 22. g4 Rxd5 23. Rxd5 Re5 24. Rd4 h5 25. Kd2 Kg6 1/2-1/2


[Site "https://www.chess.com"]

[Event "Titled Tuesday Blitz July 11 Late 2023"]
[White "Gazola, Vanessa Ramos"]
[Black "Martin Barcelo, Carles"]
[WhiteFideId "2112590"]
[BlackFideId "24561444"]
[WhiteElo "2089"]
[BlackElo "2427"]
[Result "0-1"]
[Round "3"]
[TimeControl "180+2"]
[Date "2023.07.11"]
[WhiteClock "0:00:00"]
[BlackClock "0:00:11"]
[Board "150"]

1. d4 Nf6 2. c4 e6 3. Nf3 Bb4+ 4. Bd2 Qe7 5. g3 d5 6. cxd5 exd5 7. Bg2 O-O 8. O-O c6 9. Bg5 Nbd7 10. a3 Bd6 11. Nc3 h6 12. Bf4 Bxf4 13. gxf4 Ne4 14. Ne5 Nxe5 15. dxe5 Nxc3 16. bxc3 Bg4 17. Qb3 Bxe2 18. Rfe1 Bc4 19. Qb4 Rfe8 20. Rab1 Qxb4 21. Rxb4 b5 22. Rb2 Re7 23. f5 Rae8 24. f4 g5 25. fxg6 fxg6 26. Bh3 Kh7 27. Rf2 Rf8 28. Rf3 a5 29. e6 Bb3 30. f5 gxf5 31. Bxf5+ Kh8 32. Kf2 Rf6 33. Rg1 d4 34. cxd4 Bxe6 35. Bxe6 Rexe6 36. Rxf6 Rxf6+ 37. Ke3 Kh7 38. Rg4 Rg6 39. Rf4 Kg7 40. Re4 Kf7 41. Rf4+ Rf6 42. Rh4 Ke6 43. Re4+ Kd5 44. Re5+ Kc4 45. Rc5+ Kb3 46. d5 Rf5 0-1


[Site "https://www.chess.com"]

[Event "Titled Tuesday Blitz July 11 Late 2023"]
[White "Svicevic, Rastko"]
[Black "Morefield, Jason"]
[WhiteFideId "916315"]
[BlackFideId "30920825"]
[WhiteElo "2333"]
[BlackElo "2774"]
[Result "0-1"]
[Round "3"]
[TimeControl "180+2"]
[Date "2023.07.11"]
[WhiteClock "0:00:16"]
[BlackClock "0:00:22"]
[Board "151"]

1. d4 a6 2. e4 c6 3. f4 d5 4. e5 Nh6 5. Nf3 g6 6. Be2 Bg7 7. c3 O-O 8. Be3 f6 9. h3 Nf5 10. Bf2 fxe5 11. Nxe5 Nd7 12. Nd2 Nf6 13. g4 Nd6 14. Bd3 Nfe4 15. Bxe4 dxe4 16. Be3 Be6 17. Qc2 Qc7 18. O-O Kh8 19. Nxe4 Nxe4 20. Qxe4 Bd5 21. Qc2 b5 22. b3 Bg8 23. Rae1 a5 24. f5 gxf5 25. Rxf5 Rxf5 26. Qxf5 Rf8 27. Qh5 Qd6 28. Rf1 Rxf1+ 29. Kxf1 Qe6 30. Qf5 Qd5 31. Ke2 Qg2+ 32. Kd3 Bf6 33. Qf3 Qxa2 34. Nd7 Bxb3 35. Bg5 Bc4+ 36. Ke4 Bd5+ 0-1


[Site "https://www.chess.com"]

[Event "Titled Tuesday Blitz July 11 Late 2023"]
[White "kripri"]
[Black "Pulpan, Jakub"]
[BlackFideId "302759"]
[WhiteElo "2328"]
[BlackElo "2669"]
[Result "1-0"]
[Round "3"]
[TimeControl "180+2"]
[Date "2023.07.11"]
[WhiteClock "0:00:12"]
[BlackClock "0:00:57"]
[Board "152"]

1. e4 Nc6 2. d4 d5 3. e5 Bf5 4. c3 f6 5. f4 Qd7 6. Nf3 e6 7. Be2 Nge7 8. O-O h6 9. Be3 fxe5 10. fxe5 g5 11. Nbd2 Bg6 12. h4 Nf5 13. Bf2 g4 14. Nh2 g3 15. Bxg3 Nxg3 16. Rf6 Nxe2+ 17. Qxe2 Rg8 18. Qg4 Bf7 19. Qf4 Bg7 20. Ng4 h5 21. Rf1 Rf8 22. Qg5 Bh8 23. Rxf7 Qxf7 24. Rxf7 Rxf7 25. Qg8+ Rf8 26. Qxe6+ Kd8 27. Nf6 Bxf6 28. exf6 Re8 29. Qxd5+ Kc8 30. f7 Rf8 31. Ne4 Nd8 32. Ng5 a5 33. Qf5+ Kb8 34. Qd7 Ra6 35. Qe7 Rxf7 36. Qxd8+ Ka7 37. Nxf7 a4 38. Ne5 a3 39. b3 Rb6 40. Qxc7 Rxb3 41. axb3 Ka6 42. Qd7 Ka5 1-0


[Site "https://www.chess.com"]

[Event "Titled Tuesday Blitz July 11 Late 2023"]
[White "Volovich, Vasily"]
[Black "Elaisaz"]
[WhiteFideId "34169676"]
[WhiteElo "2603"]
[BlackElo "2318"]
[Result "1-0"]
[Round "3"]
[TimeControl "180+2"]
[Date "2023.07.11"]
[WhiteClock "0:01:04"]
[BlackClock "0:00:00"]
[Board "153"]

1. e4 g6 2. d4 Bg7 3. Nc3 d6 4. h4 Nf6 5. Be2 Nbd7 6. h5 gxh5 7. Bxh5 Nxh5 8. Rxh5 Nf6 9. Rh1 e5 10. dxe5 dxe5 11. Qxd8+ Kxd8 12. Nf3 Nd7 13. Bh6 Bf6 14. Nd5 Be7 15. O-O-O c6 16. Nxe7 Kxe7 17. Bg7 Rg8 18. Rxh7 Nf6 19. Bxf6+ Kxf6 20. Rh6+ Rg6 21. Rh8 Rxg2 22. Rd6+ Ke7 23. Rdd8 Bg4 24. Rhe8+ Kf6 25. Rd6+ Kg7 26. Rxa8 Bxf3 27. Kd2 Bxe4 28. Ke3 Bxc2 29. Rxa7 Rg4 30. Rxb7 Re4+ 31. Kf3 Bb1 32. Rd1 Bc2 33. Rd2 Rf4+ 34. Kg3 Be4 35. a4 Rf3+ 36. Kh2 Kg6 37. a5 f5 38. a6 c5 39. Rb8 Rf4 40. Rd6+ Kg5 41. Rg8+ Kh5 42. Rh8+ Kg5 43. Rd2 1-0


[Site "https://www.chess.com"]

[Event "Titled Tuesday Blitz July 11 Late 2023"]
[White "Vlassov, Nikolai"]
[Black "Diano, Eden"]
[WhiteFideId "4103360"]
[BlackFideId "5203708"]
[WhiteElo "2582"]
[BlackElo "2317"]
[Result "0-1"]
[Round "3"]
[TimeControl "180+2"]
[Date "2023.07.11"]
[WhiteClock "0:00:09"]
[BlackClock "0:00:19"]
[Board "154"]

1. e4 c5 2. c3 Qc7 3. d4 d6 4. f4 a6 5. Nf3 Bg4 6. Be3 Nd7 7. Nbd2 e5 8. Bc4 Ngf6 9. Qb3 Bh5 10. Ng5 Nb6 11. dxc5 dxc5 12. Bxf7+ Bxf7 13. Nxf7 Qxf7 14. Qxb6 exf4 15. Bxf4 Nd7 16. Qxb7 Rd8 17. O-O Ne5 18. Qxa6 Qc7 19. Nc4 Qc6 20. Qxc6+ Nxc6 21. a4 Be7 22. Bc7 Rd7 23. Bb6 Rf8 24. Rxf8+ Kxf8 25. a5 Bd8 26. Bxd8 Rxd8 27. a6 Ra8 28. Nb6 Ra7 29. Nc8 Ra8 30. a7 Kf7 31. Nd6+ Ke6 32. Nb5 Kd7 33. g4 Ne5 34. h3 Kc6 35. Ra5 Nc4 36. Ra4 Kxb5 37. b3 Nb6 38. Ra1 Nc8 39. Kf2 Rxa7 40. Rd1 Rf7+ 41. Kg3 Kc6 42. e5 Re7 43. Kf4 Nb6 44. c4 Nd7 45. Rd6+ Kc7 46. Rd5 Re6 47. Kf5 Rh6 48. e6 Nf6 49. Rxc5+ Kd6 50. Rb5 Rxh3 51. g5 Rf3# 0-1


[Site "https://www.chess.com"]

[Event "Titled Tuesday Blitz July 11 Late 2023"]
[White "The_Straightforward_Rook"]
[Black "Lizak, Peter"]
[BlackFideId "731595"]
[WhiteElo "2314"]
[BlackElo "2578"]
[Result "0-1"]
[Round "3"]
[TimeControl "180+2"]
[Date "2023.07.11"]
[WhiteClock "0:00:09"]
[BlackClock "0:00:32"]
[Board "155"]

1. d4 Nf6 2. c4 c5 3. d5 g6 4. Nc3 d6 5. e4 Bg7 6. Be2 O-O 7. h4 h5 8. Bg5 Nbd7 9. f3 Qa5 10. Bd2 e6 11. Nh3 exd5 12. cxd5 a6 13. a4 Qc7 14. Ng5 Ne5 15. a5 c4 16. Na4 Bd7 17. Nb6 Rae8 18. Be3 Bb5 19. O-O Nd3 20. Bxd3 cxd3 21. Rc1 Qd8 22. Qd2 Nd7 23. Rc8 Qxc8 24. Nxc8 Rxc8 25. Rc1 Ne5 26. Kh2 Rxc1 27. Qxc1 Nc4 28. b3 Bb2 29. Qg1 Nxe3 30. Qxe3 Rc8 31. f4 Bc1 32. Qf3 d2 33. f5 Rc3 34. Qxc3 d1=Q 35. fxg6 Bf4+ 36. g3 Qe2+ 37. Kh1 Qd1+ 38. Kh2 Qd2+ 39. Qxd2 Bxd2 40. Nxf7 Bb4 41. e5 dxe5 42. Nxe5 Kg7 43. Kh3 Bd6 44. g4 Bxe5 45. gxh5 Bd7+ 46. Kg2 Kh6 47. Kf3 Kxh5 48. Ke4 Bg7 0-1


[Site "https://www.chess.com"]